AoeStats
← Leadman22

Marketplace

505088216Analyzed
1v1 RM · 24d ago on Sep 7, 2026· 37m 52s· 2 players
Game mode
Random Map
Map size
Tiny (2 player)
Population
200
Speed
Normal
Resources
Standard
Victory
Conquest
Starting age
Dark Age
Ending age
Imperial Age
RankedLock teamsTeams togetherTeam positionsShared explorationLock speedFull tech treeHidden civsTurbo modeCheats
Victory
Defeat
🇬🇧 Lithuanians · United Kingdom
805
+14
🇺🇸 Britons · United States
754
-14
DriftShot
5:15 Loom
8:53 Feudal Age
10:38 Double-Bit Axe
15:53 Forging
17:53 Scale Barding Armor
18:29 Fletching
22:14 Castle Age
22:59 Bloodlines
23:55 Husbandry
33:41 Chain Barding Armor
35:02 Iron Casting
Leadman22
11:39 Feudal Age
12:22 Double-Bit Axe
12:28 Horse Collar
15:03 Fletching
27:34 Forging
28:12 Gold Mining
30:15 Wheelbarrow
30:43 Padded Archer Armor
32:11 Stone Mining
33:37 Loom
37:11 Castle Age
Connection lost

Rejoining the realm…

Still unreachable

The connection could not be restored.

Session expired

The server has moved on; the page needs a fresh start.